 Dungeon Sprint DCSS version 0.31-a0-1071-gaead2f62b1 (webtiles) character file.

Game seed: 18301344059391270912

38565 rocky1 the Shatterer (level 14, -6/183 HPs)
             Began as an Ogre Berserker on Nov 26, 2023.
             Was an Initiate of Gozag.
             Mangled by an iron troll (30 damage)
             ... created by the rage of Trog
             ... in the Dungeon (Sprint III: "The Ten Rune Challenge").
             The game lasted 00:20:35 (7679 turns).

rocky1 the Shatterer (Ogre Berserker)               Turns: 7679, Time: 00:20:36

Health: -6/183     AC:  7    Str: 24    XL:     14   Next: 2%
Magic:  14/14      EV: 16    Int:  6    God:    Gozag
Gold:   1968       SH:  0    Dex: 16    Spells: 13/13 levels left

rFire   . . .        t - +5 giant spiked club (heavy)
rCold   + . .        (shield currently unavailable)
rNeg    . . .        d - +2 robe {Will+}
rPois   .            w - +2 hat {Stlth+}
rElec   .            (no cloak)
rCorr   .            (gloves unavailable)
SInv    +            (boots unavailable)
Will    ++...        B - amulet of the Mackerel {RegenMP rC+ Regen+ Stlth+}
Stlth   ++++++       b - ring of see invisible
HPRegen 1.30/turn    D - +6 ring of dexterity
MPRegen 0.54/turn

%: no teleportation
@: studying 2 skills
A: large, unfitting armour, tough skin 1, dopey 1, weak 1, noise suppression
a: Renounce Religion, Potion Petition, Call Merchant, Bribe Branch


You were in the Dungeon.
You worshipped Gozag.
Gozag was most pleased with you.
You visited 1 branch You collected 6502 gold pieces.
You spent 2359 gold pieces at shops.
You paid 2175 gold pieces to Gozag.

Inventory:

Hand Weapons
 a - the +8 great mace of Greatest Utility {flame, rF+ Will+}
   (Trog gifted it to you in the Dungeon)

   rF+:       It protects you from fire.
   Will+:     It increases your willpower.
 g - a +0 heavy giant club
 h - a +1 great mace of freezing
 o - a +5 heavy morningstar
 t - a +5 heavy giant spiked club (weapon)
 v - a +6 antimagic great mace
 y - a +6 giant club of flaming
Missiles
 l - 7 curare-tipped darts
 q - 5 javelins (quivered)
 r - 5 datura-tipped darts
 s - 5 atropa-tipped darts
Armour
 d - a +2 robe of willpower (worn)
 w - a +2 hat of stealth (worn)
 F - a +0 cloak
Jewellery
 b - a ring of see invisible (left hand)
 B - the amulet of the Mackerel (around neck) {RegenMP rC+ Regen+ Stlth+}
   (You found it in the Dungeon)

   [amulet of magic regeneration]

   RegenMP:   It increases your rate of magic regeneration.
   rC+:       It protects you from cold.
   Regen+:    It increases your rate of health regeneration.
   Stlth+:    It makes you more stealthy.
 D - a +6 ring of dexterity (right hand)
 E - a ring of poison resistance
Talismans
 u - a maw talisman
Wands
 j - a wand of flame (2)
 x - a wand of iceblast (8)
 J - a wand of polymorph (8)
Scrolls
 i - 2 scrolls of brand weapon
 k - a scroll of poison
 n - a scroll of immolation
 p - 2 scrolls of enchant armour
 C - a scroll of vulnerability
 G - a scroll of blinking
 H - a scroll of torment {unknown}
 I - a scroll of fear {unknown}
 L - a scroll of identify
 U - a scroll of revelation
 V - a scroll of fog
Potions
 c - 9 potions of curing
 e - 2 potions of haste
 f - 4 potions of magic
 m - 4 potions of enlightenment
 z - 2 potions of ambrosia
 A - 3 potions of invisibility
 K - 3 potions of degeneration
 M - 2 potions of lignification
 N - a potion of brilliance
 O - a potion of heal wounds
 P - a potion of mutation
 Q - a potion of experience
 R - a potion of attraction
 S - 2 potions of resistance
 T - a potion of might


   Skills:
 - Level 22.6 Fighting
 + Level 25.3 Maces & Flails
 - Level 0.1 Throwing
 - Level 13.1 Dodging
 + Level 9.3 Stealth
 - Level 2.5 Evocations


You had 13 spell levels left.
You didn't know any spells.
Your spell library contained the following spells:

 Spells                   Type           Power      Damage    Failure   Level
 Ensorcelled Hibernation  Hex/Ice        0%         N/A       58%         2
 Jinxbite                 Hex            0%         N/A       58%         2
 Anguish                  Hex/Necr       0%         N/A       99%         4


Dungeon Overview and Level Annotations

Branches:
Dungeon (1/1)

Altars:
Cheibriados
Dithmenos
Elyvilon
Fedhas
Gozag
Hepliaklqana
Kikubaaqudgha
Makhleb
Nemelex Xobeh
Okawaru
Qazlal
Ru
Sif Muna
Trog
Uskayaw
Vehumet
Wu Jian
Xom
Yredelemnul
Zin
The Shining One
Jiyva
Lugonu

Shops:
D [![=:(=?[(?


Innate Abilities, Weirdness & Mutations

You are too large for most types of armour.
You have tough skin. (AC +1)
You are dopey. (Int -2)
You are weak. (Str -2)
You passively dampen the noise of your surroundings.


Message History

Your resistance to elements expires.
You start resting.
You feel a little less mighty now.
You start resting.
HP restored.
You start waiting.
You start waiting.
Trog sends monsters to punish you.
An iron troll, a deep troll, a polar bear and a black bear come into view.
The polar bear moves out of view.
The black bear moves out of view.
You impale the deep troll!!
The deep troll is moderately wounded.
The deep troll bites you but does no damage.
The deep troll claws you!! x2; The iron troll closely misses you.
The iron troll completely misses you.
The iron troll claws you but does no damage.
You bludgeon the deep troll!!
The deep troll is heavily wounded.
The deep troll bites you!! The deep troll claws you!
The deep troll barely misses you.
The deep troll bites you but does no damage.
The deep troll claws you. The deep troll barely misses you.
The iron troll bites you!
The iron troll claws you but does no damage.
The iron troll claws you.
You are too injured to fight recklessly!
You are too injured to fight recklessly!
You are too injured to fight recklessly!
You flatten the deep troll like a pancake!!!
The deep troll is almost dead.
The polar bear closely misses you. The polar bear barely misses you.
The polar bear claws you. The deep troll bites you!!
* * * LOW HITPOINT WARNING * * *
The deep troll claws you but does no damage. x2
The iron troll bites you!!
* * * LOW HITPOINT WARNING * * *
The iron troll claws you but does no damage.
The iron troll claws you!!
You die...
Your body crumbles into a pile of gold.

#.#.....###.∩⌠⌠..#..#..#.#
#.#)..###.#.∩⌠⌠∩.#.#.#.#.'
#.#)###§..#.∩∩∩∩.#.....#.#
#.#'#.§.§§#.∩∩∩∩.#.....#.#
#.#..§§§..#......#.#.#.'.#
#.#...§§..###''###..#..#.#
#......§§§#§§..⌠.#)....###
#########T#§§....#########
#.#.#.#.#@hh§....#.#.#[#)#
#......§§§T§§....#'#'#'#'#
#......§§§§§§....#........
###+##############^.......
#+#'#'#'# #)#.#)#.#
▓'▓▓▓▓▓▓▓ ▓.. ▓..#


You could see an iron troll (berserk), a deep troll (berserk), a polar bear
(berserk) and a black bear (berserk).

Vanquished Creatures
  Sigmund (D)
  2 bone dragons (D)
  Rupert (D)
  Gastronok (D)
  3 vampire knights (D)
  2 dire elephants (D)
  A fire dragon (D)
  A yaktaur captain (D)
  2 hydras (D)
  2 centaur warriors (D)
  Erica (D)
  4 death yaks (D)
  4 dancing weapons (D)
  2 orc high priests (D)
  Urug (D)
  2 skeletal warriors (D)
  A spriggan druid (D)
  A death drake (D)
  An obsidian statue (D)
  An orc knight (D)
  A deep elf pyromancer (D)
  A lindwurm (D)
  4 crystal guardians (D)
  2 elephants (D)
  4 ugly things (D)
  2 black mambas (D)
  Edmund (D)
  An unseen horror (D)
  A komodo dragon (D)
  2 cane toads (D)
  A rime drake (D)
  4 guardian mummies (D)
  4 spriggan defenders (D)
  2 tyrant leeches (D)
  2 polar bears (D)
  4 slime creatures (D)
  8 blink frogs (D)
  3 wandering mushrooms (D)
  2 spriggans (D)
  A shadow (D)
  3 redbacks (D)
  A spatial vortex (D)
  2 orc warriors (D)
  A swamp drake (D)
  A black mamba simulacrum (D)
  2 fire dragon simulacra (D)
  3 black bears (D)
  2 centaurs (D)
  2 ogres (D)
  An earth elemental (D)
  A water elemental (D)
  A necrophage (D)
  An electric eel (D)
  A jelly (D)
  4 orc priests (D)
  An arcanist (D)
  3 orc wizards (D)
  2 necromancers (D)
  A wolf simulacrum (D)
  3 humans (D)
  A kobold demonologist (D)
  A phantom (D)
  An adder zombie (D)
  An adder simulacrum (D)
  8 orcs (D)
  2 ball python simulacra (D)
  A jackal zombie (D)
  4 rats (D)
139 creatures vanquished.

Vanquished Creatures (collateral kills)
  An orc priest (D)
  An orc wizard (D)
2 creatures vanquished.

Vanquished Creatures (others)
  A killer bee (D)
1 creature vanquished.

Grand Total: 142 creatures vanquished

Notes
Turn   | Place    | Note
-------+----------+-------------------------------------------
     0 | D        | rocky1 the Ogre Berserker began the quest for the Orb.
     0 | D        | Reached XP level 1. HP: 24/24 MP: 1/1
    35 | D        | Reached ** piety under Trog
    36 | D        | Reached skill level 3 in Maces & Flails
    68 | D        | Reached skill level 5 in Fighting
    68 | D        | Reached skill level 4 in Maces & Flails
    68 | D        | Reached XP level 2. HP: 20/35 MP: 2/2
    70 | D        | Reached XP level 3. HP: 26/44 MP: 3/3
   277 | D        | Gained mutation: You occasionally lose the ability to drink
                  | potions when taking damage. [potion of mutation]
   277 | D        | Gained mutation: You occasionally shout uncontrollably at
                  | your foes. [potion of mutation]
   277 | D        | Gained mutation: You sometimes lose your temper in combat.
                  | [potion of mutation]
   277 | D        | Gained mutation: Your spells are a little harder to cast,
                  | but a little more powerful. [potion of mutation]
   528 | D        | Lost mutation: Your spells are a little harder to cast, but
                  | a little more powerful. [potion of mutation]
   528 | D        | Lost mutation: You occasionally shout uncontrollably at
                  | your foes. [potion of mutation]
   528 | D        | Lost mutation: You sometimes lose your temper in combat.
                  | [potion of mutation]
   528 | D        | Gained mutation: You are vulnerable to heat. (rF-) [potion
                  | of mutation]
   528 | D        | Gained mutation: You have a pair of small horns on your
                  | head. [potion of mutation]
   528 | D        | Gained mutation: You passively dampen the noise of your
                  | surroundings. [potion of mutation]
   529 | D        | Lost mutation: You occasionally lose the ability to drink
                  | potions when taking damage. [potion of mutation]
   529 | D        | Lost mutation: You have a pair of small horns on your head.
                  | [potion of mutation]
   529 | D        | Gained mutation: You are partially covered in iridescent
                  | scales. (AC +2) [potion of mutation]
   529 | D        | Gained mutation: You are resistant to electric shocks.
                  | (rElec) [potion of mutation]
   530 | D        | Lost mutation: You are vulnerable to heat. (rF-) [potion of
                  | mutation]
   530 | D        | Lost mutation: You are partially covered in iridescent
                  | scales. (AC +2) [potion of mutation]
   530 | D        | Lost mutation: You are resistant to electric shocks.
                  | (rElec) [potion of mutation]
   530 | D        | Gained mutation: You are dopey. (Int -2) [potion of
                  | mutation]
   530 | D        | Gained mutation: You are weak. (Str -2) [potion of
                  | mutation]
   534 | D        | Noticed a water elemental
   538 | D        | Killed a water elemental
   538 | D        | Reached *** piety under Trog
   539 | D        | Reached skill level 5 in Maces & Flails
   539 | D        | Reached XP level 4. HP: 55/55 MP: 4/4
   681 | D        | Found a radiant altar of Vehumet.
   681 | D        | Found a shimmering blue altar of Sif Muna.
   681 | D        | Found an ancient bone altar of Kikubaaqudgha.
   681 | D        | Noticed an arcanist
   683 | D        | Killed an arcanist
   684 | D        | Reached skill level 6 in Maces & Flails
   684 | D        | Reached skill level 5 in Dodging
   688 | D        | Reached XP level 5. HP: 63/63 MP: 5/5
   887 | D        | Found a glowing silver altar of Zin.
   887 | D        | Found a glowing golden altar of the Shining One.
   887 | D        | Found a white marble altar of Elyvilon.
   887 | D        | Noticed a deep elf pyromancer
   893 | D        | Killed a deep elf pyromancer
   893 | D        | Reached **** piety under Trog
   894 | D        | Reached skill level 10 in Fighting
   894 | D        | Reached skill level 10 in Maces & Flails
   894 | D        | Reached XP level 6. HP: 79/79 MP: 6/6
   894 | D        | Reached XP level 7. HP: 87/87 MP: 7/7
   924 | D        | Found a hide-covered altar of Uskayaw.
   924 | D        | Found an iron altar of Okawaru.
   924 | D        | Found a bloodstained altar of Trog.
   924 | D        | Found an ornate altar of the Wu Jian Council.
   924 | D        | Noticed a human
   936 | D        | Killed a human
  1066 | D        | Noticed a human
  1075 | D        | Killed a human
  1076 | D        | Reached skill level 11 in Maces & Flails
  1237 | D        | Found a basalt altar of Yredelemnul.
  1237 | D        | Found a shadowy altar of Dithmenos.
  1237 | D        | Found a sacrificial altar of Ru.
  1254 | D        | Reached XP level 8. HP: 89/98 MP: 8/8
  1257 | D        | Reached ***** piety under Trog
  1477 | D        | Reached skill level 1 in Stealth
  1477 | D        | Noticed a shadow
  1490 | D        | Killed a shadow
  1490 | D        | Received a gift from Trog
  1619 | D        | Found a blossoming altar of Fedhas.
  1619 | D        | Found a stormy altar of Qazlal.
  1619 | D        | Found a snail-covered altar of Cheibriados.
  1619 | D        | Found a burning altar of Makhleb.
  1619 | D        | Found a shimmering altar of Xom.
  1620 | D        | Found a hazy altar of Hepliaklqana.
  1620 | D        | Found an opulent altar of Gozag.
  1620 | D        | Found a sparkling altar of Nemelex Xobeh.
  1620 | D        | Found a corrupted altar of Lugonu.
  1620 | D        | Found a viscous altar of Jiyva.
  1671 | D        | Noticed an orc high priest
  1671 | D        | Noticed an orc knight
  1676 | D        | Noticed a hellwing
  1679 | D        | Reached skill level 12 in Maces & Flails
  1682 | D        | Noticed a red devil
  1683 | D        | Noticed a hellwing
  1732 | D        | Killed an orc knight
  1733 | D        | Reached skill level 1 in Evocations
  1733 | D        | Reached XP level 9. HP: 46/110 MP: 9/9
  1736 | D        | Reached skill level 13 in Maces & Flails
  2001 | D        | Killed an orc high priest
  2019 | D        | Reached skill level 10 in Dodging
  2039 | D        | Reached skill level 14 in Maces & Flails
  2272 | D        | Found Jamn's Antique Armour Shop.
  2309 | D        | Bought a runed robe for 66 gold pieces
  2356 | D        | Identified the +8 great mace of Greatest Utility {flame,
                  | rF+ Will+} (Trog gifted it to you in the Dungeon)
  2356 | D        | Received a gift from Trog
  2366 | D        | Noticed Erica
  2380 | D        | Killed Erica
  2566 | D        | Noticed a centaur warrior
  2568 | D        | Reached XP level 10. HP: 123/123 MP: 10/10
  2570 | D        | Killed a centaur warrior
  2570 | D        | Reached ****** piety under Trog
  2571 | D        | Reached skill level 15 in Fighting
  2571 | D        | Reached skill level 15 in Maces & Flails
  2623 | D        | Killed an unseen horror
  2691 | D        | Noticed Sigmund
  2691 | D        | Noticed Edmund
  2710 | D        | Killed Sigmund
  2710 | D        | Received a gift from Trog
  2711 | D        | Reached skill level 16 in Maces & Flails
  2713 | D        | Killed Edmund
  2714 | D        | Reached XP level 11. HP: 43/139 MP: 11/11
  3061 | D        | Reached skill level 17 in Maces & Flails
  3087 | D        | Received a gift from Trog
  3184 | D        | Noticed a lindwurm
  3189 | D        | Killed a lindwurm
  3255 | D        | Received a gift from Trog
  3256 | D        | Noticed Urug
  3260 | D        | Killed Urug
  3261 | D        | Reached skill level 18 in Maces & Flails
  3331 | D        | Noticed an eight-headed hydra
  3331 | D        | Noticed a four-headed hydra
  3341 | D        | Killed an eight-headed hydra
  3349 | D        | Killed a four-headed hydra
  3393 | D        | Noticed a death drake
  3397 | D        | Killed a death drake
  3828 | D        | Found a blossoming altar of Fedhas.
  3828 | D        | Noticed a spriggan druid
  3835 | D        | Killed a spriggan druid
  3835 | D        | Received a gift from Trog
  3836 | D        | Reached skill level 19 in Maces & Flails
  3993 | D        | Reached XP level 12. HP: 141/154 MP: 12/12
  3993 | D        | Received a gift from Trog
  3994 | D        | Reached skill level 5 in Stealth
  4056 | D        | Noticed Rupert
  4064 | D        | Killed Rupert
  4104 | D        | Noticed an azure jelly
  4104 | D        | Noticed an azure jelly
  4104 | D        | Noticed an azure jelly
  4104 | D        | Noticed an azure jelly
  4106 | D        | Noticed a dire elephant
  4106 | D        | Noticed a dire elephant
  4106 | D        | Noticed Gastronok
  4115 | D        | Killed a dire elephant
  4122 | D        | Killed a dire elephant
  4123 | D        | Reached skill level 20 in Maces & Flails
  4128 | D        | Received a gift from Trog
  4146 | D        | Killed Gastronok
  4190 | D        | Noticed a death yak
  4191 | D        | Noticed a death yak
  4195 | D        | Noticed a death yak
  4198 | D        | Killed a death yak
  4205 | D        | Killed a death yak
  4210 | D        | Killed a death yak
  4248 | D        | Noticed a death yak
  4259 | D        | Killed a death yak
  4276 | D        | Received a gift from Trog
  4542 | D        | Reached skill level 21 in Maces & Flails
  4700 | D        | Received a gift from Trog
  4711 | D        | Identified the amulet of the Mackerel {RegenMP rC+ Regen+
                  | Stlth+}
  4885 | D        | Found Essupt's Jewellery Emporium.
  4885 | D        | Found Kebreb's Antique Armour Shop.
  4885 | D        | Found Xooveuma's Book Boutique.
  4885 | D        | Found Kuozeose's Magic Scroll Shoppe.
  4885 | D        | Found Jexkamp's Antique Weapon Boutique.
  4885 | D        | Found Pianog's Magic Scroll Emporium.
  4885 | D        | Found Joedin's Jewellery Shoppe.
  4885 | D        | Found Myvaerr's Antique Weapon Shop.
  4885 | D        | Found Hirrihe's Antique Armour Shop.
  4885 | D        | Found Ekhiugy's Distillery.
  4885 | D        | Found Qakhu's Distillery.
  4924 | D        | Bought a scorched robe for 159 gold pieces
  4924 | D        | Identified the +2 robe of the Circus Animal {Harm *Slow
                  | +Inv Dex+9} (You bought it in a shop in the Dungeon)
  4924 | D        | Bought a cloak for 126 gold pieces
  5032 | D        | Fell from the grace of Trog
  5032 | D        | Became a worshipper of Gozag Ym Sagoz the Greedy
  5150 | D        | Reached XP level 13. HP: 128/172 MP: 13/13
  5563 | D        | Reached skill level 22 in Maces & Flails
  5766 | D        | Noticed a fire dragon
  5782 | D        | Killed a fire dragon
  5997 | D        | Noticed a yaktaur captain
  6004 | D        | Reached skill level 23 in Maces & Flails
  6034 | D        | Killed a yaktaur captain
  6196 | D        | Noticed a vampire knight
  6207 | D        | Killed a vampire knight
  6733 | D        | Noticed a bone dragon
  6737 | D        | Killed a bone dragon
  6738 | D        | Reached skill level 24 in Maces & Flails
  6795 | D        | Noticed a bone dragon
  6797 | D        | Killed a bone dragon
  6821 | D        | Noticed a vampire knight
  6827 | D        | Killed a vampire knight
  6971 | D        | Reached skill level 25 in Maces & Flails
  7189 | D        | Noticed a vampire knight
  7191 | D        | Killed a vampire knight
  7194 | D        | Noticed a mummy priest
  7398 | D        | Bought 2 potions of lignification for 72 gold pieces
  7398 | D        | Bought a potion of brilliance for 48 gold pieces
  7398 | D        | Bought a potion of invisibility for 96 gold pieces
  7398 | D        | Bought a potion of heal wounds for 60 gold pieces
  7398 | D        | Bought 2 potions of degeneration for 24 gold pieces
  7398 | D        | Bought a potion of mutation for 96 gold pieces
  7398 | D        | Bought a potion of experience for 600 gold pieces
  7398 | D        | Bought a potion of curing for 36 gold pieces
  7398 | D        | Bought a potion of attraction for 36 gold pieces
  7398 | D        | Bought a potion of curing for 36 gold pieces
  7402 | D        | Bought a potion of resistance for 130 gold pieces
  7402 | D        | Bought a potion of resistance for 130 gold pieces
  7402 | D        | Bought a potion of invisibility for 104 gold pieces
  7402 | D        | Bought 2 potions of curing for 78 gold pieces
  7402 | D        | Bought a potion of curing for 39 gold pieces
  7402 | D        | Bought a potion of might for 52 gold pieces
  7402 | D        | Bought a potion of magic for 104 gold pieces
  7402 | D        | Bought a potion of curing for 39 gold pieces
  7408 | D        | Bought a scroll of enchant armour for 90 gold pieces
  7408 | D        | Bought a scroll of revelation for 90 gold pieces
  7408 | D        | Bought a scroll of fog for 48 gold pieces
  7432 | D        | Reached XP level 14. HP: 70/183 MP: 14/14
  7679 | D        | Mangled by an iron troll

Illustrated notes

Levels and vault maps discovered:
D:        dungeon_sprint_mu [sprint_mu_entry_cave, sprint_mu_temple_rooms,
          sprint_mu_d1_horrors, sprint_mu_d2_genie, sprint_mu_d3_branching,
          sprint_mu_orc_legion, sprint_mu_elf_gauntlet, sprint_mu_hive_nellie,
          sprint_mu_lair_fedhas, sprint_mu_vaults_butterflies,
          sprint_mu_slime_circle, sprint_mu_swamp_cave, sprint_mu_shoals_kraken,
          sprint_mu_blade_basic, sprint_mu_crypt_chambers,
          sprint_mu_tomb_spiral, sprint_mu_vestibule_basic,
          sprint_mu_gehenna_hellfire, sprint_mu_dis_giant,
          sprint_mu_tartarus_statrot, sprint_mu_cocytus_islands, sprint_mu_zot1]

Skill      XL: |  1  2  3  4  5  6  7  8  9 10 11 12 13 |
---------------+----------------------------------------+-----
Maces & Flails | 4 5 6 10 11 12 14 16 19 21 25 | 25.3
Dodging        | 3 4 5 7 8 9 10 11 12 13 | 13.1
Fighting       | 5 7 10 11 13 14 17 19 22 | 22.6
Stealth        | 1 2 3 4 7 9 |  9.3
Evocations     | 1 2 |  2.5
Throwing       | |  0.1

Action                     |  1- 3 |  4- 6 |  7- 9 | 10-12 | 13-15 || total
---------------------------+-------+-------+-------+-------+-------++-------
  Melee: Mace              |    22 |    10 |    52 |       |       ||    84
         Punch             |     1 |       |       |       |       ||     1
         Morningstar       |       |       |    54 |       |       ||    54
         Great mace        |       |       |    12 |   188 |    88 ||   288
         Giant spiked club |       |       |       |       |    41 ||    41
  Throw: Javelin           |       |       |       |     1 |       ||     1
 Invoke: Berserk           |     2 |     1 |     3 |     3 |       ||     9
         Brothers in Arms  |       |       |     2 |       |       ||     2
         Trog's Hand       |       |       |     1 |     1 |       ||     2
         Potion Petition   |       |       |       |       |     3 ||     3
  Evoke: Wand              |       |       |     5 |     7 |       ||    12
    Use: Potion            |     5 |       |     1 |     1 |       ||     7
         Scroll            |       |       |     5 |     3 |       ||     8
   Stab: Distracted        |       |       |       |     3 |       ||     3
         Sleeping          |       |       |       |     2 |    13 ||    15
         Invisible         |       |       |       |       |     3 ||     3
 Armour: Animal skin       |    11 |     3 |    11 |       |       ||    25
         Robe              |       |       |    62 |    99 |   117 ||   278
  Dodge: Dodged            |    11 |     3 |    30 |    67 |   127 ||   238

Table legend: (Time is in decaauts)
 A = Elapsed time spent in this place.
 B = Non-inter-level travel time spent in this place.
 C = Inter-level travel time spent in this place.
 D = Time resting spent in this place.
 E = Time spent auto-exploring this place.
 F = Levels seen in this place.
 G = Mean time per level.
                   A        B        C        D        E       F      G
               +--------+--------+--------+--------+--------+-----+--------+
         Total |   7686 |   7354 |    332 |   5490 |      0 |   1 | 7686.0 |
       Dungeon |   7686 |   7354 |    332 |   5490 |      0 |   1 | 7686.0 |
               +--------+--------+--------+--------+--------+-----+--------+

Top non-repeatable levels by time:
       D: 7686 daAuts
